 Dungeon Crawl Stone Soup version 0.29.1-1-gd02db6906a (console) character file.

Game seed: 8800758028744644823

8 sentinel the Digger (level 2, 10/20 HPs)
             Began as a Meteoran Earth Elementalist on Oct 7, 2022.
             Quit the game on level 1 of the Dungeon.
             The game lasted 00:00:05 (34 turns).

sentinel the Digger (Meteoran Earth Elementalist)     Turns: 34, Time: 00:00:05

Health: 10/20      AC:  2    Str:  9    XL:     2   Next: 29%
Magic:  0/6        EV: 12    Int: 16    God:
Gold:   0          SH:  0    Dex: 14    Spells: 5/6 levels left

rFire   . . .      SeeInvis .   (no weapon)
rCold   . . .      Faith    .   (no shield)
rNeg    . . .      Spirit   .   a - +0 robe
rPois   .          Reflect  .   (no helmet)
rElec   .          Harm     .   (no cloak)
rCorr   .          Rampage  .   (no gloves)
Will    .....                   (no boots)
Stlth   +.........              (no amulet)
HPRegen 0.06/turn               (no ring)
MPRegen 0.10/turn               (no ring)

@: glowing
A: sense surroundings 1, otherworldly, glowing, explore regen
a: no special abilities


You were on level 1 of the Dungeon.
You visited 1 branch of the dungeon, and saw 1 of its levels.

Inventory:

Armour
 a - a +0 robe (worn)
Potions
 b - a potion of magic


   Skills:
 - Level 2.4 Dodging
 - Level 1.4 Stealth
 - Level 2.6 Spellcasting
 - Level 1.2 Transmutations
 + Level 4.3 Earth Magic


You had 5 spell levels left.
You knew the following spells:

 Your Spells              Type           Power      Damage    Failure   Level
a - Sandblast             Erth           32%        2d9       3%          1

Your spell library contained the following spells:

 Spells                   Type           Power      Damage    Failure   Level
 Passwall                 Tmut/Erth      9%         N/A       10%         2
 Stone Arrow              Conj/Erth      18%        3d8       24%         3
 Petrify                  Tmut/Erth      11%        N/A       52%         4


Dungeon Overview and Level Annotations

Branches:
Dungeon (1/15) Zot: 562

Altars:


Innate Abilities, Weirdness & Mutations

You passively map a small area around you.
You are easily found by Zot.
You glow in the dark.
You regain HP and MP as you explore.


Message History

The blast of sand hits the hobgoblin.
You kill the hobgoblin!
The jackal barks!
Unknown command.
The blast of sand hits the hobgoblin!
You kill the hobgoblin!
Unknown command.
The blast of sand hits the jackal!
You kill the jackal!
Your Earth Magic skill increases to level 4!
Unknown command.
The blast of sand hits the jackal!
You kill the jackal!
You have reached level 2!
Unknown command.
No target in view!
No target in view!
You can't see any susceptible monsters within range! (Use Z to cast anyway.) Unknown command.
You can't see any susceptible monsters within range! (Use Z to cast anyway.) Unknown command.
You can't see any susceptible monsters within range! (Use Z to cast anyway.) Unknown command.
No target in view!
No target in view!
You can't see any susceptible monsters within range! (Use Z to cast anyway.) Unknown command.
You can't see any susceptible monsters within range! (Use Z to cast anyway.) Unknown command.
You can't see any susceptible monsters within range! (Use Z to cast anyway.) Unknown command.
You can't see any susceptible monsters within range! (Use Z to cast anyway.) Unknown command.
A quokka comes into view.
Unknown command.
But you're not safe!
Unknown command.
But you're not safe!
Unknown command.
But you're not safe!
Unknown command.
But you're not safe!
Unknown command.
A bat comes into view.
The blast of sand hits the quokka.
The quokka is severely wounded.
You are out of magic!
Unknown command.
You are out of magic!
Unknown command.
You are out of magic!
Unknown command.
You are out of magic!
Unknown command.
Found 13 gold pieces.
The quokka barely misses you.
You hit the quokka but do no damage.
The quokka is severely wounded.
The quokka twitches its whiskers.
The quokka bites you.
The blast of sand hits the quokka.
You kill the quokka!
The bat barely misses you.
Unknown command.
You are out of magic!
Unknown command.
You are out of magic!
Unknown command.
You are out of magic!
Unknown command.
You barely miss the bat. The bat completely misses you.
A goblin comes into view. It is wielding a +0 dagger.
The goblin shouts!
The bat hits you. The bat closely misses you.
You are out of magic!
Unknown command.
You are out of magic!
Unknown command.
You are out of magic!
Unknown command.
You are out of magic!
Unknown command.
But you're not safe!
Unknown command.
But you're not safe!
Unknown command.
But you're not safe!
Unknown command.
But you're not safe!
Unknown command.
But you're not safe!
Unknown command.
You hit the goblin.
The goblin is moderately wounded.
The bat hits you but does no damage. The goblin hits you with a +0 dagger.
You hit the goblin but do no damage.
The goblin is moderately wounded.
The goblin hits you with a +0 dagger.
You are out of magic!
Unknown command.
You are out of magic!
Unknown command.
You are out of magic!
Unknown command.
You are out of magic!
Unknown command.
You hit the goblin but do no damage.
The goblin is moderately wounded.
The bat closely misses you. The goblin barely misses you.
You hit the goblin but do no damage.
The goblin is moderately wounded.
The bat misses you. The goblin barely misses you.
You are out of magic!
Unknown command.
You are out of magic!
Unknown command.
You are out of magic!
Unknown command.
You are out of magic!
Unknown command.
You hit the goblin but do no damage.
The goblin is moderately wounded.
The bat hits you but does no damage. The goblin hits you but does no damage.
You barely miss the goblin.
The goblin is moderately wounded.
The bat hits you. The goblin barely misses you.
The blast of sand hits the goblin!
You kill the goblin!
The bat closely misses you. The bat hits you but does no damage.
Unknown command.
You are out of magic!
Unknown command.
You are out of magic!
Unknown command.
You are out of magic!
Unknown command.
But you're not safe!
Unknown command.
But you're not safe!
Unknown command.
But you're not safe!
Unknown command.
But you're not safe!
Unknown command.
But you're not safe!
Unknown command.
Unknown command.
Unknown command.
Unknown command.
Unknown command.
Are you sure you want to abandon this character and quit the game? (Confirm with "yes".)

, ...... , , ,
.....#...... ,, , *
,..........#####+#####
, .....#...#.........#
..#.....#.........# $#,
#.......#..⌠...⌠..#
...##.......#.........#
......b####.'....<....+
.......@..#.#.........#
*
..###.>.)...#$.⌠...⌠..#
, * *
#####...#.........# *
,, , ,#...#.........#
,,* †...#####'##### ,
.#..## #........ * , *,
..#..#* #######.. * .#
....* * * #.* ###.** **
,


You could see a bat.

Vanquished Creatures
  A goblin (D:1)
  2 hobgoblins (D:1)
  2 jackals (D:1)
  A quokka (D:1)
6 creatures vanquished.

Notes
Turn   | Place    | Note
-------+----------+-------------------------------------------
     0 | D:1      | sentinel the Meteoran Earth Elementalist began the quest
                  | for the Orb.
     0 | D:1      | Reached XP level 1. HP: 14/14 MP: 5/5
    18 | D:1      | Reached skill level 4 in Earth Magic
    19 | D:1      | Reached XP level 2. HP: 20/20 MP: 1/6
    34 | D:1      | Quit the game

Illustrated notes

Levels and vault maps discovered:
D:1:      mushboom_english_gardens, layout_rooms, grunt_decor_fettered,
          minmay_misc_feat_alley

Skill      XL: |  1 |
---------------+----+-----
Earth Magic    | 4 |  4.3
Dodging        | |  2.4
Stealth        | |  1.4
Spellcasting   | |  2.6
Transmutations | |  1.2

Action                   || total
-------------------------++-------
Melee: Unarmed           ||     8
 Cast: Sandblast         ||     7
Armor: Robe              ||     4
Dodge: Dodged            ||    10
